 Dungeon Crawl Stone Soup version 0.26-a0-651-gb41185065b (webtiles) character file.

Game seed: 2620248830154110279

(classic levelgen) 51 EnegeticOcto the Shield-Bearer (level 3, 33/34 HPs)
             Began as a Deep Dwarf Fighter on Oct 9, 2020.
             Was a Follower of Elyvilon.
             Quit the game on level 2 of the Dungeon.
             The game lasted 00:00:29 (365 turns).

EnegeticOcto the Shield-Bearer (Deep Dwarf Fighter)  Turns: 365, Time: 00:00:30

Health: 33/34      AC:  8    Str: 20    XL:     3   Next: 57%
Magic:  2/2        EV:  7    Int:  8    God:    Elyvilon [*.....]
Gold:   46         SH:  9    Dex: 12    Spells: 2/2 levels left

rFire    . . .     SeeInvis .   a - +0 war axe
rCold    . . .     Faith    .   c - +0 kite shield
rNeg     . . .     Spirit   .   b - +0 scale mail
rPois    .         Reflect  .   i - +0 helmet
rElec    .         Harm     .   (no cloak)
rCorr    .         Rampage  .   (no gloves)
MR       .....                  (no boots)
Stlth    ..........             (no amulet)
HPRegen  0.00/turn              (no ring)
MPRegen  0.08/turn              (no ring)

@: non-regenerating
A: damage resistance, heal wounds, sense surroundings 1, no regeneration
a: Heal Wounds, Lesser Healing, Divine Protection, Renounce Religion


You were on level 2 of the Dungeon.
You worshipped Elyvilon.
Elyvilon was aware of your devotion.
You visited 1 branch of the dungeon, and saw 2 of its levels.

You collected 46 gold pieces.

Inventory:

Hand Weapons
 a - a +0 war axe (weapon)
Armour
 b - a +0 scale mail (worn)
 c - a +0 kite shield (worn)
 i - a +0 helmet (worn)
Scrolls
 f - 2 scrolls of identify {unknown}
 j - a scroll of teleportation {unknown}
 l - a scroll of immolation {unknown}
Potions
 d - a potion of might {@q3}
 e - a potion of haste {unknown}
 g - 2 potions of degeneration {unknown}
 h - a potion of mutation {unknown}
 k - a potion of stabbing {unknown}


   Skills:
 + Level 3.0 Fighting
 * Level 3.2 Axes
 + Level 3.6 Armour
 + Level 3.7 Shields


You had 2 spell levels left.
You didn't know any spells.
Your spell library was empty.

Dungeon Overview and Level Annotations

Branches:
Dungeon (2/15)

Altars:
Elyvilon


Innate Abilities, Weirdness & Mutations

You are resistant to damage.
You can heal yourself by infusing magical energy.
You passively map a small area around you.
You do not regenerate.


Message History

You block the bat's attack.
You closely miss the bat. You block the bat's attack.
The bat hits you but does no damage. You block the bat's attack.
The bat hits you but does no damage.
Found 7 gold pieces.
The bat hits you but does no damage. The bat barely misses you.
Found a stone staircase leading down.
The bat hits you. You block the bat's attack.
Found a scroll labeled VIRAPS OFUQIPS.
The bat hits you but does no damage. You block the bat's attack.
Found a purple potion.
The bat hits you but does no damage. The bat hits you but does no damage.
The bat barely misses you.
(D) Dungeon
Where to? (Enter - D:3, ? - help)
You closely miss the bat. You block the bat's attack.
You barely miss the bat. The bat hits you but does no damage. The bat hits you.
The bat hits you but does no damage.
You closely miss the bat. The bat hits you but does no damage.
The bat barely misses you.
There is a stone staircase leading down here.
You miss the bat. The bat hits you but does no damage.
The bat hits you but does no damage.
You slash the bat!
You kill the bat!
No target in view!
No target in view!
No target in view!
No target in view!
A goblin comes into view.
The goblin shouts!
A goblin is nearby!
A goblin is nearby!
A goblin is nearby!
A goblin comes into view.
The goblin shouts!
You block the goblin's attack.
You hit the goblin but do no damage. You block the goblin's attack.
You hit the goblin but do no damage. You block the goblin's attack.
You slash the goblin!
You kill the goblin!
You closely miss the goblin. The goblin barely misses you.
The goblin hits you but does no damage.
You hit the goblin.
You kill the goblin!
No target in view!
No target in view!
No target in view!
No target in view!
No target in view!
No target in view!
No target in view!
No target in view!
j - a scroll labeled KYIDID VOFAEDU
Things that are here:
a +0 scale mail; a goblin corpse
Found a faded altar of an unknown god.
k - a purple potion
l - a scroll labeled VIRAPS OFUQIPS You now have 46 gold pieces (gained 7).
A frilled lizard comes into view.
The frilled lizard hisses angrily.
A bat comes into view.
You miss the bat. You block the bat's attack.
You miss the frilled lizard. The bat hits you but does no damage.
The frilled lizard closely misses you.
The frilled lizard bites you but does no damage.
You hit the bat.
You kill the bat!
You closely miss the frilled lizard. You block the frilled lizard's attack.
Your shield and scale mail prevent you from hitting the frilled lizard.
The frilled lizard barely misses you. x2
You closely miss the frilled lizard. You block the frilled lizard's attack.
You closely miss the frilled lizard.
The frilled lizard bites you but does no damage.
You hit the frilled lizard.
You kill the frilled lizard!
No target in view!
No target in view!
No target in view!
No target in view!
No target in view!
No target in view!
No target in view!
No target in view!
No target in view!
No target in view!
No target in view!
Found a scroll labeled YNUASTR OFOGA.
There is a faded altar of an unknown god here.
You cannot tell which god this altar belongs to.
Convert to them anyway?
Elyvilon accepts your prayer! Elyvilon welcomes you!
You can now provide lesser healing for yourself.
You can now call on Elyvilon to save your life.
Are you sure you want to abandon this character and quit the game? (Confirm with "yes".)

###########
#.........#
#..?......#
#....#....#
#######...#.#..#* .
#........#.@.#.
.#####....###..#.#..#
..........###...#...#
....................#
...............###..#
...........[.......##
...........†...#####
...............#
...............#


There were no monsters in sight!

Vanquished Creatures
  Robin (D:2)
  A worm (D:2)
  A leopard gecko (D:2)
  9 goblins (D:2)
  9 hobgoblins
  6 bats
  2 frilled lizards (D:2)
  2 kobolds (D:1)
  3 rats (D:2)
34 creatures vanquished.

Notes
Turn   | Place    | Note
-------+----------+-------------------------------------------
     0 | D:1      | EnegeticOcto the Deep Dwarf Fighter began the quest for the
                  | Orb.
     0 | D:1      | Reached XP level 1. HP: 20/20 MP: 1/1
   167 | D:2      | Reached XP level 2. HP: 22/27 MP: 2/2
   225 | D:2      | Noticed Robin
   233 | D:2      | Reached XP level 3. HP: 26/33 MP: 2/2
   251 | D:2      | Killed Robin
   313 | D:2      | Found a faded altar of an unknown god.
   364 | D:2      | Became a worshipper of Elyvilon the Healer
   364 | D:2      | Reached * piety under Elyvilon
   365 | D:2      | Quit the game

Illustrated notes

Levels and vault maps discovered:
D:1:      psy_arrival_dodecagon, layout_basic, st_stairs_14
D:2:      layout_basic, chequers_ecumenical_altar_simple_redux, uniq_robin

Skill      XL: |  1  2  3 |
---------------+----------+-----
Axes           | 3 |  3.2
Fighting       | 3 |  3.0
Armour         | |  3.6
Shields        | |  3.7

Action                   || total
-------------------------++-------
Melee: War axe           ||    87
 Abil: Heal Wounds       ||     2
Armor: Scale mail        ||    63
Dodge: Dodged            ||    36
Block: Kite shield       ||    82

Table legend: (Time is in decaauts)
 A = Elapsed time spent in this place.
 B = Non-inter-level travel time spent in this place.
 C = Inter-level travel time spent in this place.
 D = Time resting spent in this place.
 E = Time spent auto-exploring this place.
 F = Levels seen in this place.
 G = Mean time per level.
                   A        B        C        D        E       F      G
               +--------+--------+--------+--------+--------+-----+--------+
         Total |    402 |    366 |     36 |      0 |    155 |   2 |  201.0 |
       Dungeon |    402 |    366 |     36 |      0 |    155 |   2 |  201.0 |
               +--------+--------+--------+--------+--------+-----+--------+

Top non-repeatable levels by time:
     D:2: 244 daAuts
     D:1: 157 daAuts
